 Dungeon Crawl Stone Soup version 0.27-a0-802-gbe893936b8 (webtiles) character file.

Game seed: 11616952495897529562

76 Harga the Ducker (level 4, 0/35 HPs)
             Began as a Human Wanderer on Mar 28, 2021.
             Slain by a scorpion (1 damage)
             ... on level 4 of the Dungeon.
             The game lasted 00:21:46 (1494 turns).

Harga the Ducker (Human Wanderer)                   Turns: 1494, Time: 00:21:46

Health: 0/35       AC:  3    Str: 12    XL:     4   Next: 57%
Magic:  4/4        EV: 12    Int: 16    God:
Gold:   96         SH:  0    Dex: 10    Spells: 3/3 levels left

rFire    . . .     SeeInvis .   a - +2 spear
rCold    . . .     Faith    .   (no shield)
rNeg     . . .     Spirit   .   n - +0 leather armour
rPois    .         Reflect  .   (no helmet)
rElec    .         Harm     .   (no cloak)
rCorr    .         Rampage  .   (no gloves)
Will     .....                  (no boots)
Stlth    +.........             (no amulet)
HPRegen  0.11/turn              (no ring)
MPRegen  0.09/turn              (no ring)

@: lethally poisoned (0 -> -7), flying (expiring)
A: no striking features
a: no special abilities


You were on level 4 of the Dungeon.
You visited 1 branch of the dungeon, and saw 4 of its levels.

You collected 96 gold pieces.

Inventory:

Hand Weapons
 a - a +2 spear (weapon)
 j - a +0 spear
Missiles
 i - 19 bolts
Armour
 d - a +0 robe
 m - a +0 robe
 n - a +0 leather armour (worn)
Scrolls
 e - 4 scrolls of identify {unknown}
 h - a scroll of noise {unknown}
 k - a scroll of fog {unknown}
 l - a scroll of vulnerability {unknown}
Potions
 b - a potion of lignification
 c - 2 potions of curing
 f - a potion of haste {unknown}


   Skills:
 - Level 3.0 Fighting
 + Level 2.4 Polearms
 - Level 2.2 Throwing
 + Level 2.1 Armour
 - Level 4.0 Dodging
 - Level 1.0 Stealth


You had 3 spell levels left.
You didn't know any spells.
Your spell library contained the following spells:

 Spells                   Type           Power      Damage    Failure   Level
 Confusing Touch          Hex            0%         N/A       67%         3
 Gell's Gravitas          Tloc           0%         N/A       67%         3
 Petrify                  Tmut/Erth      0%         N/A       97%         4
 Metabolic Englaciation   Hex/Ice        0%         N/A       100%        5
 Yara's Violent Unravell  Hex/Tmut       0%         3d3       100%        5


Dungeon Overview and Level Annotations

Branches:
Dungeon (4/15)
 Temple: D:4-7

Altars:

Shops:
D:1 =


Message History

The hound skeleton is almost destroyed.
The hound skeleton bites you but does no damage.
The hound skeleton bites you.
You hit the hound skeleton.
The hound skeleton is almost destroyed.
The hound skeleton barely misses you.
You hit the hound skeleton.
You destroy the hound skeleton!
Your Armour skill increases to level 2!
There is a stone staircase leading up here.
You can't go down here!
You fly upwards.
The hobgoblin shouts!
The gnoll shaman shouts!
The gnoll shouts! x2
A scorpion and 2 gnolls come into view.
The gnoll shouts!
Found an onyx ring.
Found a stone staircase leading up.
There is a stone staircase leading down here.
The scorpion stings you.
You fly downwards.
There is a stone staircase leading up here.
You barely miss the scorpion. The scorpion stings you.
You hit the scorpion but do no damage.
You are starting to lose your buoyancy.
The scorpion stings you.
* * * LOW HITPOINT WARNING * * *
You are lethally poisoned!
The scorpion poisons you!
You hit the scorpion but do no damage.
* * * LOW HITPOINT WARNING * * *
You feel sick. The scorpion stings you.
* * * LOW HITPOINT WARNING * * *
You hit the scorpion.
The scorpion is moderately wounded.
* * * LOW HITPOINT WARNING * * *
You feel sick. The scorpion barely misses you.
You barely miss the scorpion.
The scorpion is moderately wounded.
* * * LOW HITPOINT WARNING * * *
You feel sick. The scorpion stings you.
You die...

.......#.....########
........#.....##.....#
###.......#............#
....#.......#.....##.....#
#....#.......#.....##.....#
#####(...#.......#.....#########
.........#.......#....[#.......#
.........#.......s...<.#.......#
...##....#......@#.....'.......#
...##....##......#.....#.......#
...'......#......#.....#.......#
...#......#......#.....#########
...#......#......#......#
...##.....#......#......#
...##.....#......#......#
#####.....#......#......#
...##.....#..... #......#


You could see a scorpion.

Vanquished Creatures
  A hound skeleton (D:4)
  A gnoll (D:1)
  An adder (D:2)
  6 ball pythons
  5 bats (D:1)
  5 endoplasms
  2 goblins (D:4)
  4 hobgoblins
  3 jackals (D:1)
  4 kobolds
  2 quokkas (D:1)
  3 frilled lizards
  5 rats
42 creatures vanquished.

Notes
Turn   | Place    | Note
-------+----------+-------------------------------------------
     0 | D:1      | Harga the Human Wanderer began the quest for the Orb.
     0 | D:1      | Harga set off with the following items: a +2 spear, a
                  | potion of lignification, a potion of curing, a +0 robe
     0 | D:1      | Reached XP level 1. HP: 18/18 MP: 1/1
   269 | D:1      | Reached XP level 2. HP: 21/24 MP: 2/2
   311 | D:1      | Reached skill level 1 in Armour
   530 | D:1      | Reached XP level 3. HP: 29/29 MP: 3/3
   537 | D:1      | Found Jytivvak's Jewellery Boutique.
  1051 | D:2      | Reached XP level 4. HP: 27/35 MP: 4/4
  1338 | D:2      | You fall into a shaft and drop 2 floors!
  1494 | D:4      | HP: 1/35 [poisoned by a scorpion]
  1494 | D:4      | Slain by a scorpion

Illustrated notes

Levels and vault maps discovered:
D:1:      heliophobic_arrival_glass_houses, layout_loops_ring, serial_shops,
          nicolae_shop_trees
D:2:      layout_loops_corners, lemuel_crystal_altar, serial_shops, shop,
          minmay_misc_feat_plants
D:3:      layout_basic, uniq_natasha
D:4:      layout_gridville, minmay_temple_entry_antechambers

Skill      XL: |  1  2  3  4 |
---------------+-------------+-----
Armour         | 1 2 |  2.1
Throwing       | 2 |  2.2
Polearms       | 2 |  2.4
Fighting       | |  3.0
Dodging        | |  4.0
Stealth        | |  1.0

Action                   |  1- 3 |  4- 6 || total
-------------------------+-------+-------++-------
Melee: Spear             |    99 |    35 ||   134
  Use: Potion            |       |     1 ||     1
 Stab: Sleeping          |     3 |       ||     3
Armor: Robe              |    20 |       ||    20
       Leather armour    |       |     7 ||     7
Dodge: Dodged            |    70 |    15 ||    85

Table legend: (Time is in decaauts)
 A = Elapsed time spent in this place.
 B = Non-inter-level travel time spent in this place.
 C = Inter-level travel time spent in this place.
 D = Time resting spent in this place.
 E = Time spent auto-exploring this place.
 F = Levels seen in this place.
 G = Mean time per level.
                   A        B        C        D        E       F      G
               +--------+--------+--------+--------+--------+-----+--------+
         Total |   1495 |   1495 |      0 |    211 |     30 |   4 |  373.8 |
       Dungeon |   1495 |   1495 |      0 |    211 |     30 |   4 |  373.8 |
               +--------+--------+--------+--------+--------+-----+--------+

Top non-repeatable levels by time:
     D:1: 936 daAuts
     D:2: 402 daAuts
     D:4: 154 daAuts
     D:3: 1 daAuts
